Map: Plaza violeta neón EE

Players

Sazed - Winner!

  • Race: Terran Terran
  • League: Diamond
  • Spawn Location: 5:00

Holywarrior

  • Race: Terran Terran
  • League: Diamond
  • Spawn Location: 11:00

VOD

Have the link to the VOD?

Description

Time

  • Played on: March 14, 2025, 1:04 p.m.
  • Length: 10:56
Show
View Real Time Build Order
Export as new Build Order

Sazed Terran - Winner!

Build Orders:  

Get SALT Encoding   

  12  0:00  SCV  
  13  0:13  SCV  
  14  0:17  Supply Depot  
  14  0:28  SCV  
  15  0:40  SCV, Barracks  
  16  0:45  Refinery  
  16  0:52  SCV  
  17  0:57  Refinery  
  18  1:04  SCV  
  18  1:19  SCV  
  19  1:28  Reaper  
  19  1:32  SCV  
  21  1:44  Factory  
  21  1:47  Orbital Command  
  21  2:01  Reaper  
  22  2:08  Supply Depot  
  22  2:13  SCV  
  23  2:30  Factory Tech Lab, SCV, Starport  
  23  2:33  Barracks Reactor  
  24  3:05  SCV  
  25  3:23  Siege Tank  
  28  3:32  Viking  
  30  3:37  Command Center  
  30  3:39  SCV  
  31  3:52  Command Center  
  31  3:55  Barracks Reactor  
  31  4:03  Supply Depot  
  31  4:08  Supply Depot  
  31  4:25  SCV, Viking x2, Siege Tank  
  39  4:33  Marine x2  
  39  4:37  Supply Depot  
  39  4:38  SCV  
  42  4:50  Orbital Command  
  42  4:57  Siege Tank  
  38  5:14  Orbital Command  
  38  5:16  Marine x2  
  38  5:19  SCV x2  
  42  5:29  Siege Tank  
  45  5:39  SCV x2  
  45  5:40  SCV  
  48  5:42  Supply Depot  
  48  5:43  Viking  
  48  5:44  Viking  
  48  5:49  Factory  
  52  5:51  SCV  
  48  6:11  SCV x3  
  48  6:12  Marine x2  
  48  6:13  Siege Tank  
  48  6:14  Viking  
  55  6:18  Refinery  
  55  6:23  SCV x2  
  49  6:44  SCV x2  
  49  6:45  Viking x2  
  49  6:46  Marine x2  
  57  6:48  Factory Tech Lab  
  57  6:50  SCV  
  57  6:51  Refinery  
  58  7:06  Marine x2, Siege Tank  
  63  7:10  SCV  
  63  7:15  Viking  
  67  7:20  SCV  
  67  7:21  Orbital Command  
  67  7:24  Viking  
  67  7:25  SCV  
  70  7:35  Refinery x2  
  70  7:39  SCV x2  
  70  7:51  SCV x2  
  72  8:09  SCV  
  72  8:10  SCV  
  72  8:11  Siege Tank  
  77  8:13  Marine x2, Siege Tank  
  77  8:14  Viking x2  
  77  8:15  SCV  
  77  8:18  Starport  
  87  8:22  SCV x2  
  87  8:24  Supply Depot  
  87  8:25  Supply Depot  
  89  8:27  SCV  
  89  8:34  SCV x2  
  92  8:35  Marine  
  93  8:43  Barracks  
  93  8:44  Barracks  
  93  8:46  SCV, Marine, Siege Tank  
  98  8:49  Viking x2  
  102  9:18  SCV x3  
  105  9:30  SCV  
  104  9:34  SCV x2  
  104  9:35  Marine x2  
  107  9:42  SCV  
  107  9:44  Siege Tank  
  108  9:46  Siege Tank  
  108  9:48  SCV x2  
  104  9:53  Marine x2  
  104  9:54  SCV  
  103  10:00  SCV x2  
  103  10:05  Viking x2  
  103  10:06  Starport Tech Lab, SCV  
  106  10:07  Barracks Tech Lab x2  
  106  10:11  Marine x2  
  106  10:12  SCV x2  
  106  10:13  Supply Depot x2  
  107  10:14  Supply Depot  
  107  10:25  SCV  
  108  10:29  Marine  
  108  10:32  Command Center  
  108  10:34  SCV x2, Marine  
  111  10:43  SCV  
Show
View Real Time Build Order
Export as new Build Order

Holywarrior Terran 

Build Orders:  

Get SALT Encoding   

  12  0:03  SCV  
  13  0:15  SCV  
  13  0:19  Supply Depot  
  14  0:27  SCV  
  15  0:40  SCV  
  16  0:48  Barracks  
  16  0:50  Refinery  
  16  0:53  SCV  
  17  1:14  SCV  
  18  1:32  Refinery  
  18  1:34  Barracks Reactor  
  18  1:37  Supply Depot, Orbital Command  
  18  2:04  SCV  
  18  2:06  Factory  
  19  2:10  Marine x2  
  21  2:16  SCV  
  22  2:28  SCV  
  23  2:34  Command Center  
  23  2:50  Marine x2  
  24  2:54  Factory Tech Lab  
  24  2:55  Starport  
  23  3:13  Siege Tank  
  26  3:28  Marine  
  26  3:29  Marine  
  26  3:32  Starport Reactor  
  28  3:37  Supply Depot  
  28  3:52  Siege Tank  
  31  3:57  SCV  
  32  4:05  Orbital Command  
  32  4:16  Viking  
  34  4:24  Siege Tank  
  34  4:30  SCV  
  38  4:34  SCV  
  38  4:37  Viking  
  41  4:41  Marine x2  
  41  4:43  Orbital Command  
  43  4:58  Barracks  
  43  5:00  Barracks  
  38  5:14  Marine x2  
  38  5:15  Siege Tank  
  38  5:16  Viking  
  38  5:18  Viking  
  38  5:19  SCV  
  38  5:21  SCV  
  49  5:27  Supply Depot  
  49  5:34  Marine  
  49  5:35  Marine  
  51  5:36  SCV x2  
  44  6:09  Viking x2  
  44  6:10  Barracks Tech Lab  
  44  6:11  Marine x2, Barracks Tech Lab  
  48  6:13  SCV x2  
  52  6:19  Engineering Bay  
  52  6:25  SCV x2  
  52  6:29  Marine  
  46  6:44  Stimpack  
  46  6:45  Concussive Shells  
  46  6:46  SCV x2  
  48  6:47  Starport  
  48  6:53  Refinery, Marine x2  
  50  6:58  SCV x2  
  50  7:01  Viking  
  54  7:10  SCV  
  54  7:11  SCV  
  54  7:14  Viking  
  54  7:15  Refinery  
  58  7:16  Marine x4  
  58  7:21  Supply Depot  
  62  7:23  Starport Reactor  
  62  7:29  Supply Depot  
  62  7:42  Marine  
  62  7:43  SCV x2  
  63  7:48  Viking x2  
  63  7:50  Marine x2  
  63  7:51  Marine  
  70  8:08  Viking x2  
  70  8:10  SCV  
  75  8:14  Command Center  
  75  8:16  SCV  
  76  8:24  Viking  
  78  8:29  Supply Depot  
  78  8:34  Armory  
  78  8:41  Combat Shield  
  78  8:50  SCV x2, Viking  
  78  8:53  Supply Depot  
  82  8:58  Missile Turret  
  82  9:00  Siege Tank  
  86  9:08  Orbital Command  
  86  9:10  SCV  
  86  9:13  Marauder  
  86  9:15  Marauder  
  35  10:01  Viking x4  
  34  10:21  Orbital Command  
Tags
 
Add a new tag
Caveats
  • Supply blocks, unpowered buildings, or Contaminate may cause inaccurate times.
  • Supply counts are checked every 10 seconds.